[Event "WYCC 2018 G18"]
[Site "Halkidiki"]
[Date "2018.10.20"]
[Round "1"]
[White "Nistor, Valentina"]
[Black "Afonasieva, Anna"]
[Result "0-1"]
[ECO "B53"]
[WhiteElo "1881"]
[BlackElo "2245"]
[Annotator "NA"]
[PlyCount "94"]
[EventDate "2018.10.20"]
[EventType "swiss"]
[EventCountry "GRE"]
[SourceTitle "playchess.com"]
[Source "ChessBase"]
[SourceQuality "1"]
[TimeControl "40/5400+30:1800+30"]

1. e4 c5 2. Nf3 d6 3. d4 cxd4 4. Qxd4 a6 5. c4 Nc6 6. Qd1 g6 7. Nc3 Bg7 8. Be3 {[%emt 0:04:19] B53: Sicilian: 2...d6: Lines with Qxd4} (8. Bd2 Nf6 9. h3 O-O 10. Be2 Be6 11. O-O Rc8 12. Rc1 Nd7 13. b3 Nc5 14. Qc2 f5 15. exf5 Bxf5 {0-1 (35) Haznedaroglu,K (2436)-Li,C (2622) Beijing 2008}) 8... Bg4 9. Be2 Rc8 $146 ({Predecessor:} 9... Bxf3 10. Bxf3 Nf6 11. O-O O-O 12. Be2 Nd7 13. Rc1 Nc5 14. f3 Ne6 15. Rf2 Bd4 16. Bxd4 Nexd4 17. Bf1 e5 18. b4 Nxb4 19. Rb1 Qa5 {0-1 (36) Wutz,C (2208)-Babaev,R (2479) Schwaebisch Gmuend 2009}) 10. Rc1 Bxf3 11. Bxf3 Ne5 12. b3 Nxf3+ 13. Qxf3 b5 14. Nd5 Nf6 15. Bb6 Qd7 16. Bd4 Qe6 17. Nf4 Qd7 18. Nd5 Qb7 19. Bxf6 exf6 20. O-O O-O 21. e5 Kh8 22. exd6 f5 23. Qd3 Rc5 24. Rfe1 Rfc8 25. h3 Rd8 26. Rcd1 Qd7 27. Nc7 bxc4 28. bxc4 Bf6 29. Nxa6 Rc6 30. c5 Qb7 31. Qd5 Qxa6 32. Qxf7 Bg5 33. Re8+ Rxe8 34. Qxe8+ Kg7 35. d7 Re6 36. Qc8 Qa5 37. Qe8 Qa4 38. Qxe6 Qxd1+ 39. Kh2 Qd2 40. Qe5+ Bf6 41. Qc7 Kh6 42. f4 Qd1 43. Qc8 {[%emt 0:08:37] [#]} Bd4 44. Qf8+ Kh5 45. d8=Q Qg1+ 46. Kg3 Qe1+ 47. Kf3 Qf2# 0-1

[Event "WYCC 2018 G18"]
[Site "Halkidiki"]
[Date "2018.10.20"]
[Round "1"]
[White "Buchta, Agnieszka"]
[Black "Chitlange Sakshi"]
[Result "0-1"]
[ECO "B12"]
[WhiteElo "1879"]
[BlackElo "2237"]
[Annotator "NA"]
[PlyCount "86"]
[EventDate "2018.10.20"]
[EventType "swiss"]
[EventCountry "GRE"]
[SourceTitle "playchess.com"]
[Source "ChessBase"]
[SourceQuality "1"]
[TimeControl "40/5400+30:1800+30"]

1. e4 c6 2. d4 d5 3. e5 Bf5 4. c4 e6 5. Nc3 Ne7 6. a3 dxc4 7. Bxc4 Nd7 8. Nge2 Nb6 9. Bb3 Qd7 10. O-O Bg6 11. Be3 Nf5 12. Qd2 Be7 13. Nf4 Nxe3 14. fxe3 $14 O-O 15. Rad1 Rad8 16. Qf2 Nd5 17. Nxg6 hxg6 18. e4 Nxc3 19. bxc3 Qc7 20. Kh1 Bxa3 21. Qf4 c5 22. d5 c4 23. Bc2 f6 24. d6 Qd7 25. exf6 Rxf6 26. Qe3 Rxf1+ 27. Rxf1 e5 28. Qxa7 Bxd6 29. Rb1 Rf8 30. h3 Rf7 31. Ba4 Qc8 32. Bb5 Kh7 33. Qa4 Rc7 34. Rd1 Be7 35. Rd7 Rxd7 36. Bxd7 Qc5 37. Be6 b5 38. Qa8 Bf8 39. Qd5 Qe3 40. Bg8+ Kh8 41. Bf7 Kh7 42. Qd8 Qc1+ 43. Kh2 Qf4+ 0-1

[Event "WYCC 2018 G18"]
[Site "Halkidiki"]
[Date "2018.10.20"]
[Round "1"]
[White "Salimova, Asal"]
[Black "Priyanka, Kumari"]
[Result "0-1"]
[ECO "A45"]
[WhiteElo "1870"]
[BlackElo "2005"]
[Annotator "NA"]
[PlyCount "86"]
[EventDate "2018.10.20"]
[EventType "swiss"]
[EventCountry "GRE"]
[SourceTitle "playchess.com"]
[Source "ChessBase"]
[SourceQuality "1"]
[TimeControl "40/5400+30:1800+30"]

1. d4 Nf6 2. Bf4 g6 3. Nc3 d5 4. e3 Bg7 5. h4 h5 6. Nf3 Bg4 7. Be2 Bxf3 8. Bxf3 c6 9. b4 Nbd7 10. a4 e5 11. Bg3 Qe7 12. Rb1 {[%emt 0:17:06] [#]} exd4 $17 13. Qxd4 O-O 14. Qd2 Ne5 15. Be2 Rad8 16. O-O Rfe8 17. Rfd1 Nfg4 18. Bxg4 Nxg4 19. Ne2 Bf6 20. Nd4 Bxh4 21. Bxh4 Qxh4 22. Nf3 Qf6 23. Qd4 Qxd4 24. Rxd4 Re4 25. Rbd1 Nf6 26. c4 Rxd4 27. Rxd4 Kf8 28. Ne5 Ke7 29. c5 Ke6 30. Nd3 Re8 31. f3 g5 32. Kf2 h4 33. Nc1 Kf5 34. Ne2 Rh8 35. Ng1 g4 36. Rf4+ Kg5 37. fxg4 Nxg4+ 38. Kf3 f5 39. Nh3+ Kf6 40. Ke2 Re8 41. Kd2 Rxe3 42. Nf2 Rg3 43. Nxg4+ Rxg4 0-1

[Event "WYCC 2018 G18"]
[Site "Halkidiki"]
[Date "2018.10.20"]
[Round "1"]
[White "Miller, Rachel"]
[Black "Hrescak, Ivana"]
[Result "0-1"]
[ECO "B53"]
[WhiteElo "1859"]
[BlackElo "2173"]
[Annotator "NA"]
[PlyCount "94"]
[EventDate "2018.10.20"]
[EventType "swiss"]
[EventCountry "GRE"]
[SourceTitle "playchess.com"]
[Source "ChessBase"]
[SourceQuality "1"]
[TimeControl "40/5400+30:1800+30"]

1. e4 c5 2. Nf3 d6 3. d4 cxd4 4. Qxd4 a6 5. c4 Nc6 6. Qe3 g6 7. Be2 Bg7 8. O-O Bg4 9. Rd1 Qc8 10. Na3 Nf6 11. h3 Bxf3 12. Bxf3 Nd7 13. Rb1 O-O 14. b3 b5 15. Bb2 b4 16. Bxg7 Kxg7 17. Nc2 Nde5 $14 18. Be2 a5 19. Qg3 Kh8 20. Ne3 Qb8 21. Kh2 a4 22. f4 Nd7 23. e5 dxe5 24. f5 Nf6 25. fxg6 hxg6 26. Ng4 Nxg4+ 27. Qxg4 Nd4 28. Bf1 axb3 29. axb3 Qc7 30. Kh1 Ra3 31. Bd3 Kg7 32. Be4 Rxb3 33. Rxd4 Rxb1+ 34. Bxb1 exd4 35. Qxd4+ e5 36. Qe4 Rd8 37. Bd3 Rd4 38. Qe2 Qd6 39. c5 Qxc5 40. Ba6 Qc1+ 41. Kh2 Qf4+ 42. Kg1 Rd2 43. Qe1 Qd4+ 44. Kh2 Rd1 45. Qe2 Qf4+ 46. g3 Qd4 47. Qf3 Qg1# 0-1

[Event "WYCC 2018 G18"]
[Site "Halkidiki"]
[Date "2018.10.20"]
[Round "1"]
[White "Nguyen, Thi Minh Thu"]
[Black "Gajcin, Marina"]
[Result "0-1"]
[ECO "D80"]
[WhiteElo "1849"]
[BlackElo "2153"]
[Annotator "NA"]
[PlyCount "72"]
[EventDate "2018.10.20"]
[EventType "swiss"]
[EventCountry "GRE"]
[SourceTitle "playchess.com"]
[Source "ChessBase"]
[SourceQuality "1"]
[TimeControl "40/5400+30:1800+30"]

1. d4 Nf6 2. c4 g6 3. Nc3 d5 4. e3 Bg7 5. Qb3 dxc4 6. Bxc4 O-O 7. Nf3 Nc6 8. Ng5 e6 9. Be2 Nd5 10. Nf3 Nb6 11. O-O $11 a5 12. a3 a4 13. Qc2 e5 14. d5 Na5 15. Nxa4 Nxa4 16. Qxa4 Qxd5 17. e4 Qb3 18. Bd1 Qxa4 19. Bxa4 Be6 20. Bd2 Nc4 21. Bb3 Nxd2 22. Nxd2 Rfd8 23. Rfd1 Rxd2 24. Rxd2 Bxb3 25. Rd7 Ba4 26. Rd3 Bc2 27. Re3 Bh6 28. Ree1 Rd8 29. f3 Bd2 30. Rf1 Bd3 31. Rfd1 Be2 32. Rdb1 Be3+ 33. Kh1 Rd2 34. Rc1 c5 35. b3 Bd4 36. Rab1 Ra2 0-1

[Event "WYCC 2018 G18"]
[Site "Halkidiki"]
[Date "2018.10.20"]
[Round "1"]
[White "Perminaite, Guoda"]
[Black "Arpita, Mukherjee"]
[Result "0-1"]
[ECO "B22"]
[WhiteElo "1840"]
[BlackElo "2147"]
[Annotator "NA"]
[PlyCount "126"]
[EventDate "2018.10.20"]
[EventType "swiss"]
[EventCountry "GRE"]
[SourceTitle "playchess.com"]
[Source "ChessBase"]
[SourceQuality "1"]
[TimeControl "40/5400+30:1800+30"]

1. e4 c5 2. c3 d5 3. exd5 Qxd5 4. d4 g6 5. Nf3 Bg7 6. Be3 cxd4 7. Bxd4 Nf6 8. Nbd2 Nc6 9. Bc4 Qh5 10. Bxf6 Bxf6 11. Ne4 O-O 12. Nxf6+ exf6 13. O-O Bg4 14. Be2 Rad8 15. Qc2 Rfe8 16. Rfe1 Qc5 17. Rac1 Kg7 18. b4 Qb6 19. h3 Bf5 20. Qb2 a5 21. a3 Ne5 22. Nxe5 fxe5 23. c4 Qd4 24. Qc3 axb4 25. axb4 Qxc3 26. Rxc3 Rd4 27. b5 Rc8 28. c5 Be4 29. Rec1 Rd2 30. Bf3 Bxf3 31. gxf3 Rb2 32. b6 Kf6 33. Kg2 Ke6 34. Kg3 Rb4 35. R1c2 Kd5 36. Rd2+ Rd4 37. Rdc2 Kc6 38. Re3 Rd5 39. Rec3 Ra8 40. f4 exf4+ 41. Kxf4 Ra5 42. Re2 Raxc5 43. Rxc5+ Rxc5 44. Re7 Rf5+ 45. Kg3 Kxb6 46. f4 Kc6 47. h4 h5 48. Kf3 b5 49. Re4 Rd5 50. Re8 b4 51. Rc8+ Kb5 52. Ke4 Rd7 53. Rb8+ Kc4 54. Rc8+ Kb3 55. Rb8 Kc3 56. Rc8+ Kb2 57. Rb8 b3 58. f5 gxf5+ 59. Kxf5 Kc2 60. Rc8+ Kb1 61. Rb8 b2 62. Kf6 Rc7 63. Kg5 Rc5+ 0-1

[Event "WYCC 2018 G18"]
[Site "Halkidiki"]
[Date "2018.10.20"]
[Round "1"]
[White "Hunt, Fikirte"]
[Black "Tejaswini, Sagar"]
[Result "0-1"]
[ECO "A15"]
[WhiteElo "1827"]
[BlackElo "2139"]
[Annotator "NA"]
[PlyCount "88"]
[EventDate "2018.10.20"]
[EventType "swiss"]
[EventCountry "GRE"]
[SourceTitle "playchess.com"]
[Source "ChessBase"]
[SourceQuality "1"]
[TimeControl "40/5400+30:1800+30"]

1. c4 Nf6 2. Nf3 g6 3. g3 Bg7 4. Bg2 O-O 5. O-O d5 6. cxd5 Nxd5 7. e4 Nb6 8. d4 Bg4 9. d5 c6 10. h3 Bc8 11. Nh2 e6 12. dxc6 Nxc6 13. Nc3 Qe7 14. f4 Qc5+ 15. Kh1 Rd8 16. Qe1 Nd4 17. Qf2 Nc4 18. e5 Qb6 19. b3 Na5 20. Be3 Qb4 21. Rad1 Ndc6 22. Ne4 Bf8 23. Nd6 Bxd6 24. exd6 Bd7 25. Ng4 Qc3 26. Rc1 Qg7 27. b4 h5 28. Ne5 Nxb4 29. Rc7 f6 30. Nxd7 Rxd7 31. Bxa7 Rxc7 32. dxc7 Qxc7 33. Bb6 Qd7 34. Bxa5 Rxa5 35. Qb2 Nd5 36. Rc1 Kf7 37. Kh2 Rb5 38. Qe2 Ra5 39. Qb2 Rb5 40. Qe2 Ra5 41. Qc4 Ra4 42. Qe2 h4 43. Be4 hxg3+ 44. Kxg3 Ra3+ 0-1

[Event "WYCC 2018 G18"]
[Site "Halkidiki"]
[Date "2018.10.20"]
[Round "1"]
[White "Cibikova, Sofia Anna"]
[Black "Janiashvili, Mariami"]
[Result "1/2-1/2"]
[ECO "B06"]
[WhiteElo "1809"]
[BlackElo "2081"]
[Annotator "NA"]
[PlyCount "61"]
[EventDate "2018.10.20"]
[EventType "swiss"]
[EventCountry "GRE"]
[SourceTitle "playchess.com"]
[Source "ChessBase"]
[SourceQuality "1"]
[TimeControl "40/5400+30:1800+30"]

1. e4 g6 2. d4 Bg7 3. Nf3 d6 4. Bd3 Nd7 5. O-O e5 6. c3 Ne7 7. Na3 O-O 8. Be3 h6 9. Nd2 Nf6 10. f3 Nh5 11. Ndc4 c6 12. dxe5 dxe5 13. Bc2 Be6 14. Bb3 Qc7 15. Qd6 Qxd6 16. Nxd6 Bxb3 17. axb3 b6 18. Nc2 Nf4 19. Rfd1 Rfd8 20. g3 Ne6 21. Kf2 f5 22. Ke2 Nf8 23. Nc4 Rxd1 24. Kxd1 Rd8+ 25. Ke2 Rd7 26. Nb4 c5 27. Nd3 Nc6 28. Ra6 Kf7 29. Nxc5 Rc7 30. Nd3 Rd7 31. b4 1/2-1/2

[Event "WYCC 2018 G18"]
[Site "Halkidiki"]
[Date "2018.10.20"]
[Round "1"]
[White "Mocanu, Valeria"]
[Black "Vanduyfhuys, Daria"]
[Result "0-1"]
[ECO "B30"]
[WhiteElo "1800"]
[BlackElo "2058"]
[Annotator "NA"]
[PlyCount "84"]
[EventDate "2018.10.20"]
[EventType "swiss"]
[EventCountry "GRE"]
[SourceTitle "playchess.com"]
[Source "ChessBase"]
[SourceQuality "1"]
[TimeControl "40/5400+30:1800+30"]

1. e4 c5 2. Nf3 Nc6 3. Bb5 Qb6 4. Nc3 e6 5. Bxc6 Qxc6 6. O-O Nf6 7. e5 Nd5 8. Ne4 Be7 9. Re1 O-O 10. c4 Nb4 11. Qb3 b5 12. d3 a5 13. a3 a4 14. Qc3 Na6 15. cxb5 Qxb5 16. Nfd2 Nc7 17. Nc4 Nd5 18. Qc2 Ba6 19. Bd2 Rab8 20. Rab1 f6 21. exf6 Nxf6 22. Nxf6+ Bxf6 23. Bc3 Qb3 24. Qxb3 Rxb3 25. Rec1 Rfb8 26. Nd2 R3b6 27. Bxf6 gxf6 28. Rxc5 Rxb2 29. Rd1 Bxd3 30. Nf3 Rb1 31. Rcc1 Rxc1 32. Rxc1 Rb3 33. Ne1 Rxa3 34. f3 d5 35. Rd1 Bc4 36. Nc2 Rd3 37. Ra1 Bb3 38. Nb4 Rd4 39. Nc6 Rd1+ 40. Rxd1 Bxd1 41. Kf2 a3 42. Nb4 Bb3 0-1

[Event "WYCC 2018 G18"]
[Site "Halkidiki"]
[Date "2018.10.20"]
[Round "1"]
[White "Perry, Tal"]
[Black "Avetisyan, Mariam"]
[Result "0-1"]
[ECO "C50"]
[WhiteElo "1702"]
[BlackElo "2049"]
[Annotator "NA"]
[PlyCount "108"]
[EventDate "2018.10.20"]
[EventType "swiss"]
[EventCountry "GRE"]
[SourceTitle "playchess.com"]
[Source "ChessBase"]
[SourceQuality "1"]
[TimeControl "40/5400+30:1800+30"]

1. e4 e5 2. Nf3 Nc6 3. Bc4 Bc5 4. d3 Nf6 5. c3 d6 6. b4 Bb6 7. a4 a5 8. b5 Ne7 9. O-O O-O 10. Bg5 Ng6 11. Nh4 {[%emt 0:00:20] C54: Giuoco Piano: 4 c3 Nf6, main lines with 5 d4 and 5 d3} (11. Nbd2 h6 12. Be3 c6 13. Ba2 d5 14. Bxb6 Qxb6 15. exd5 cxd5 16. Re1 Re8 17. c4 e4 18. d4 exf3 19. Rxe8+ Nxe8 {0-1 (36) Polgar,J (2705)-Carlsen,M (2848) Mexico City 2012}) 11... Kh8 12. Qf3 h6 13. Bxf6 Qxf6 $146 ({Predecessor:} 13... Nxh4 14. Bxd8 Nxf3+ 15. gxf3 Rxd8 16. Kg2 f5 17. Bd5 Ra7 18. Nd2 Bd7 {½-½ (68) Djurhuus,R (2305)-Wahls,M (2460) Arnhem 1988}) 14. Qxf6 gxf6 15. Nxg6+ fxg6 16. Nd2 Bd7 17. Kh1 f5 18. Rab1 Rab8 19. f3 Be3 20. Rfd1 g5 21. Nf1 Bb6 22. d4 exd4 23. cxd4 fxe4 24. fxe4 Rf4 25. Ng3 Bg4 26. Rd2 h5 27. Bd5 h4 28. Nf1 Rbf8 29. Ne3 h3 30. Kg1 hxg2 31. Nxg2 Rf3 32. Bxb7 Ra3 33. Rf1 Rxf1+ 34. Kxf1 Rxa4 35. Ne3 Bh3+ 36. Kf2 Rxd4 37. Rxd4 Bxd4 38. Kf3 a4 39. Nc2 Be5 40. Ne3 Bxh2 41. Bd5 Bf4 42. Nc2 $19 Be5 43. Ne3 Bd4 44. Nf5 Be5 45. Ne3 Bd7 46. Bc4 a3 47. Nc2 Bb2 48. Kg3 Kg7 49. Nb4 Be8 50. Kg4 Bc1 51. Nc6 Bf7 52. Bxf7 Kxf7 53. Nb4 Bd2 54. Na2 Ke6 0-1

[Event "WYCC 2018 G18"]
[Site "Halkidiki"]
[Date "2018.10.20"]
[Round "1"]
[White "Salas Estrada, Ana Paola"]
[Black "Tarini Goyal"]
[Result "0-1"]
[ECO "B10"]
[WhiteElo "1665"]
[BlackElo "2026"]
[Annotator "NA"]
[PlyCount "44"]
[EventDate "2018.10.20"]
[EventType "swiss"]
[EventCountry "GRE"]
[SourceTitle "playchess.com"]
[Source "ChessBase"]
[SourceQuality "1"]
[TimeControl "40/5400+30:1800+30"]

1. e4 c6 2. d3 d5 3. Nd2 e5 4. Ngf3 Bd6 5. d4 exd4 6. exd5 Nf6 7. dxc6 Nxc6 8. Bb5 O-O 9. O-O a6 $11 10. Bxc6 bxc6 11. Nc4 c5 12. c3 d3 13. Kh1 Bc7 14. Bg5 Bb7 15. Ne1 Qd5 16. Bxf6 Qxc4 17. Bg5 h6 18. Be3 Rad8 19. Nf3 Qd5 20. Qd2 Qd6 21. Kg1 Bxf3 22. g3 Qe6 0-1

[Event "WYCC 2018 G18"]
[Site "Halkidiki"]
[Date "2018.10.20"]
[Round "1"]
[White "Rakic, Tijana"]
[Black "Greibrokk, Ingrid"]
[Result "0-1"]
[ECO "B72"]
[WhiteElo "1651"]
[BlackElo "2018"]
[Annotator "NA"]
[PlyCount "130"]
[EventDate "2018.10.20"]
[EventType "swiss"]
[EventCountry "GRE"]
[SourceTitle "playchess.com"]
[Source "ChessBase"]
[SourceQuality "1"]
[TimeControl "40/5400+30:1800+30"]

1. e4 c5 2. Nf3 d6 3. d4 cxd4 4. Nxd4 Nf6 5. Nc3 g6 6. Be3 Bg7 7. Bc4 Ng4 8. Qd2 Nxe3 9. Qxe3 O-O 10. O-O Nc6 11. Nf3 Bd7 12. Bb3 $146 {[%emt 0:05:58] B35: Sicilian: Accelerated Dragon with 5 Nc3: main line} ({Predecessor:} 12. Rad1 Rc8 13. Bb3 Bg4 14. Rd2 Bxf3 15. Qxf3 Ne5 16. Qe3 a6 17. Rfd1 Nc4 18. Bxc4 Rxc4 19. e5 Qa5 20. exd6 exd6 21. Rxd6 Bxc3 22. bxc3 Rxc3 23. Qe7 Rcc8 {0-1 (23) Hurlot,R (1499)-Courtois,B (1790) Montigny le Bretonneux 2004}) 12... Na5 13. Rfd1 Bg4 14. Rd3 Nxb3 15. axb3 a6 16. Qg5 Bxf3 17. Rxf3 e6 18. Qd2 Qc7 19. Rd1 Rfd8 20. Rd3 Rac8 21. Rxd6 Rxd6 22. Qxd6 Qxd6 23. Rxd6 Bxc3 24. bxc3 Rxc3 25. Rd2 Kf8 26. Kf1 Ke7 27. Ke1 b5 28. Kd1 Rc6 29. Rd3 Rd6 30. Ke2 a5 31. Rc3 Kd7 32. Rc5 Rb6 33. e5 a4 34. bxa4 bxa4 35. Ra5 Rb4 36. Kd3 Kc6 37. c4 Kb6 38. Ra8 Kb7 39. Ra5 Kb6 40. Ra8 Kb7 41. Ra5 Rb2 42. Ke3 Ra2 43. g3 Kb6 44. Ra8 Kc5 45. Rc8+ Kb4 46. c5 Rc2 47. c6 Kb3 48. c7 Ka3 49. Kf3 h6 50. Kg4 Rc4+ 51. f4 Rc3 52. h4 Rc4 53. h5 Rc3 54. Kh4 Rc1 55. g4 gxh5 56. f5 hxg4 57. Kxg4 Rc4+ 58. Kh5 exf5 59. Kxh6 f4 60. Kg7 f3 61. e6 fxe6 62. Rf8 Rxc7+ 63. Kg6 Rc3 64. Kf6 Kb2 65. Kxe6 a3 0-1

[Event "WYCC 2018 G18"]
[Site "Halkidiki"]
[Date "2018.10.20"]
[Round "1"]
[White "Yurdakul, Didem Nuray"]
[Black "Du, Yuxin"]
[Result "1-0"]
[ECO "B14"]
[WhiteElo "1604"]
[BlackElo "2011"]
[Annotator "NA"]
[PlyCount "83"]
[EventDate "2018.10.20"]
[EventType "swiss"]
[EventCountry "GRE"]
[SourceTitle "playchess.com"]
[Source "ChessBase"]
[SourceQuality "1"]
[TimeControl "40/5400+30:1800+30"]

1. e4 c6 2. d4 d5 3. exd5 cxd5 4. c4 Nf6 5. Nc3 e6 6. Nf3 Nc6 7. Bg5 Be7 8. c5 Ne4 $11 {[%emt 0:20:11] LiveBook: 41 Games} 9. Bxe7 Nxe7 10. Rc1 O-O 11. Bd3 Nxc3 12. Rxc3 Nc6 13. Qb1 h6 14. O-O Qf6 15. Rd1 Rd8 16. Bb5 Bd7 17. Bxc6 Bxc6 18. Ne5 Be8 19. b4 a6 20. Rg3 Qf5 21. Qc1 Kf8 22. Rdd3 f6 23. Rdf3 Qh7 24. c6 b6 25. a4 Ke7 26. Nd3 Rd6 27. b5 axb5 28. axb5 g5 29. Nb4 Qe4 30. Ra3 Rc8 31. Ra7+ Kf8 32. Qd1 Bh5 33. Qa1 Rdd8 34. Re3 Qf5 35. Nd3 Bf7 36. Qa3+ Kg8 37. Qe7 Rf8 38. Rf3 Qg6 39. Qxf6 Qxf6 40. Rxf6 Ra8 41. Rfxf7 Rxf7 42. Rxa8+ 1-0

[Event "WYCC 2018 G18"]
[Site "Halkidiki"]
[Date "2018.10.20"]
[Round "1"]
[White "Ramirez Toledo, Ayleen Maribel"]
[Black "Hamedi Nia, Vesal"]
[Result "0-1"]
[ECO "E08"]
[WhiteElo "1545"]
[BlackElo "1987"]
[Annotator "NA"]
[PlyCount "80"]
[EventDate "2018.10.20"]
[EventType "swiss"]
[EventCountry "GRE"]
[SourceTitle "playchess.com"]
[Source "ChessBase"]
[SourceQuality "1"]
[TimeControl "40/5400+30:1800+30"]

1. Nf3 d5 2. d4 Nf6 3. g3 e6 4. Bg2 Be7 5. O-O O-O 6. c4 c6 7. Qc2 Nbd7 8. b3 b6 9. Bb2 Bb7 10. Nbd2 c5 11. Rac1 Rc8 12. Qb1 cxd4 13. Nxd4 Bb4 14. Rfd1 Qe7 15. cxd5 Nxd5 16. Nc4 Rfd8 17. a3 Bc5 18. b4 Bxd4 19. Bxd4 Nf8 20. Qa1 Ba6 21. Qa2 Ng6 22. Ne3 Nxe3 23. Bxe3 Rxd1+ 24. Rxd1 Ne5 25. Bf4 Nc4 26. Qb3 e5 27. Bc1 Nd6 28. Qa2 Bc4 29. Qb2 h6 30. a4 Qe6 31. Be3 Nf5 32. Bd2 Bb3 33. Ra1 Rc2 34. Qb1 Rxd2 35. Qe4 Bd5 36. Qg4 Bxg2 37. e4 Bxe4 38. Qxe4 Nd4 39. Ra3 Qc4 40. Qxe5 Rd1+ 0-1

[Event "WYCC 2018 G18"]
[Site "Halkidiki"]
[Date "2018.10.21"]
[Round "2"]
[White "Avramidou, Anastasia"]
[Black "Cvitan, Ena"]
[Result "1-0"]
[ECO "D35"]
[WhiteElo "2285"]
[BlackElo "2034"]
[Annotator "NA"]
[PlyCount "55"]
[EventDate "2018.10.20"]
[EventType "swiss"]
[EventCountry "GRE"]
[SourceTitle "playchess.com"]
[Source "ChessBase"]
[SourceQuality "1"]
[TimeControl "40/5400+30:1800+30"]

1. d4 d5 2. c4 e6 3. Nc3 Nf6 4. cxd5 exd5 5. Bg5 Be7 6. e3 c6 7. Bd3 Nbd7 8. h3 {[%emt 0:00:15] D35: Damengambit (Abtauschvariante)} (8. Qc2 Nf8 9. Nf3 Ne6 10. Bh4 g6 11. O-O Ng7 12. b4 a6 13. Rab1 Bf5 14. a4 Bxd3 15. Qxd3 Nf5 16. Bxf6 Bxf6 17. b5 axb5 18. axb5 O-O 19. bxc6 bxc6 20. Ra1 {1-0 (83) Tomashevsky,E (2705)-Grachev,B (2626) Sochi 2018}) 8... Ne4 9. Bxe7 Qxe7 {[%emt 0:00:34] LiveBook: 6 Partien} 10. Nf3 (10. Bxe4 $5 dxe4 11. Nge2 $14) 10... Ndf6 11. Qc2 Bf5 12. Ne5 Nxc3 $146 ({Vorgänger:} 12... O-O 13. O-O Rfd8 14. f3 Nxc3 15. Bxf5 Nb5 16. Rad1 g6 17. Bd3 Nd7 18. Nxd7 Qxd7 19. Bxb5 cxb5 {½-½ (68) Schmitt,H-Michels,M Griesheim 2000}) 13. Bxf5 Nce4 {[%emt 0:00:13] [#]} 14. Nxc6 $1 Qd6 15. Bxe4 Nxe4 16. Ne5 Qb4+ 17. Ke2 O-O 18. Nd3 Qb5 19. Rhc1 g6 20. a4 Qa6 $16 21. Qb3 Rab8 22. Qb5 Qd6 23. Ne5 Rfe8 24. Kf1 a6 25. Qd7 Qf6 26. Ng4 Qg7 27. Rc7 Rbd8 28. Qxf7+ 1-0

[Event "WYCC 2018 G18"]
[Site "Halkidiki"]
[Date "2018.10.21"]
[Round "2"]
[White "Injac, Teodora"]
[Black "Hng, Mei-En Emmanuelle"]
[Result "0-1"]
[ECO "A43"]
[WhiteElo "2258"]
[BlackElo "2020"]
[Annotator "NA"]
[PlyCount "80"]
[EventDate "2018.10.20"]
[EventType "swiss"]
[EventCountry "GRE"]
[SourceTitle "playchess.com"]
[Source "ChessBase"]
[SourceQuality "1"]
[TimeControl "40/5400+30:1800+30"]

1. d4 Nf6 2. Nf3 c5 3. d5 e6 4. Nc3 d6 5. e4 exd5 6. exd5 Be7 7. Bd3 O-O 8. h3 Na6 9. O-O {[%emt 0:08:36] LiveBook: 7 Games} Nb4 10. Bc4 {[%emt 0:05:06] A43: Schmid Benoni} Bf5 11. Ne1 Rb8 $146 ({Predecessor:} 11... Nd7 12. a3 Na6 13. Nf3 Nb6 14. Be2 Nc7 15. a4 Bf6 16. a5 Nc8 17. Nb5 Re8 18. Nxc7 Qxc7 {1-0 (56) Gara,T (2364)-Chelushkina,I (2333) Novi Sad 2009}) 12. a3 Na6 13. Nb5 Nc7 14. a4 a6 15. Nxc7 Qxc7 16. a5 Nd7 17. Be3 Ne5 18. Be2 Bd7 19. c3 f5 20. f4 Ng6 21. b4 Rfe8 22. Qd2 Bf6 23. bxc5 dxc5 24. Bc4 Qd6 25. Rb1 Bd8 26. Qf2 Rxe3 27. Qxe3 Bxa5 28. Nf3 b5 29. Ne5 Re8 30. Qg3 (30. Qf3 {is a better defense.} Nxe5 31. fxe5 Rxe5 32. Bb3) 30... Nxe5 31. fxe5 Qxe5 32. Qxe5 Rxe5 33. Rfe1 Rxe1+ 34. Rxe1 bxc4 35. Re7 Bb5 36. d6 Kf8 37. Re3 $19 f4 38. Rf3 Ke8 39. Kf1 Bc6 40. Rxf4 Bxc3 0-1

[Event "WYCC 2018 G18"]
[Site "Halkidiki"]
[Date "2018.10.21"]
[Round "2"]
[White "Afonasieva, Anna"]
[Black "Bauyrzhan, Arnash"]
[Result "1/2-1/2"]
[ECO "D79"]
[WhiteElo "2245"]
[BlackElo "2011"]
[Annotator "NA"]
[PlyCount "75"]
[EventDate "2018.10.20"]
[EventType "swiss"]
[EventCountry "GRE"]
[SourceTitle "playchess.com"]
[Source "ChessBase"]
[SourceQuality "1"]
[TimeControl "40/5400+30:1800+30"]

1. d4 Nf6 2. c4 g6 3. Nf3 Bg7 4. g3 O-O 5. Bg2 c6 6. O-O d5 7. cxd5 cxd5 8. Nc3 b6 9. a4 $146 {[%emt 0:09:08] D79: Fianchetto Grünfeld: Symmetrical Variation (6 0-0 c6 7 cxd5 cxd5)} ({Predecessor:} 9. Bf4) 9... Nc6 10. Ne5 Bb7 11. Bg5 Nxe5 12. dxe5 Ne4 13. Bxe4 dxe4 14. Qxd8 Rfxd8 15. Bxe7 Rd2 16. Bd6 Rxb2 17. a5 bxa5 18. Rxa5 Rc8 19. Nb5 e3 20. Nd4 $1 exf2+ 21. Kxf2 Rc3 22. Rb5 Bh6 23. Rb1 Be3+ 24. Kf1 Rxb1+ 25. Rxb1 Rc1+ 26. Rxc1 Bxc1 27. Kf2 Bd5 28. Bb4 Bb2 29. e3 Kg7 30. Ke2 Bxd4 31. exd4 f6 32. Ke3 fxe5 33. dxe5 Kf7 34. Kf4 Ke6 35. Bc3 h6 36. Ke3 $11 a5 37. Bxa5 Kxe5 38. Bc3+ 1/2-1/2

[Event "WYCC 2018 G18"]
[Site "Halkidiki"]
[Date "2018.10.21"]
[Round "2"]
[White "Chitlange Sakshi"]
[Black "Nass, Sara"]
[Result "1-0"]
[ECO "D36"]
[WhiteElo "2237"]
[BlackElo "1986"]
[Annotator "NA"]
[PlyCount "47"]
[EventDate "2018.10.20"]
[EventType "swiss"]
[EventCountry "GRE"]
[SourceTitle "playchess.com"]
[Source "ChessBase"]
[SourceQuality "1"]
[TimeControl "40/5400+30:1800+30"]

1. d4 d5 2. c4 e6 3. Nc3 Nf6 4. Bg5 c6 5. cxd5 exd5 6. Qc2 Be7 7. e3 Nbd7 8. Bd3 O-O 9. Nf3 Re8 10. O-O g6 11. Bf4 Nf8 12. Rab1 a5 13. a3 Ne6 14. Be5 Nd7 15. Bg3 b5 16. e4 dxe4 17. Bxe4 Ra6 18. Rbd1 $16 f5 19. Bxc6 Rxc6 20. d5 Rxc3 21. Qxc3 Bf6 22. Qc6 Nec5 23. Bc7 Qe7 24. Bd6 1-0

[Event "WYCC 2018 G18"]
[Site "Halkidiki"]
[Date "2018.10.21"]
[Round "2"]
[White "Hrescak, Ivana"]
[Black "Caballero Quijano, Mitzy Mishell"]
[Result "1/2-1/2"]
[ECO "D18"]
[WhiteElo "2173"]
[BlackElo "1956"]
[Annotator "ChessBase"]
[PlyCount "89"]
[EventDate "2018.10.20"]
[EventType "swiss"]
[EventCountry "GRE"]
[SourceTitle "playchess.com"]
[Source "ChessBase"]
[SourceQuality "1"]
[TimeControl "40/5400+30:1800+30"]

1. d4 d5 2. c4 c6 3. Nf3 Nf6 4. Nc3 dxc4 5. a4 Bf5 6. e3 e6 7. Bxc4 Bb4 8. O-O Nbd7 9. Qe2 Ne4 10. Nxe4 Bxe4 11. Nd2 Bg6 12. Rd1 O-O 13. Nf1 Qc7 14. e4 Nf6 15. Ng3 e5 16. dxe5 Qxe5 17. f4 Qe7 18. Bd3 Bc5+ 19. Kh1 h5 20. Rf1 Ng4 21. h3 Qh4 22. Qf3 Rad8 23. Bc2 f6 24. Rb1 a5 25. Bb3+ Kh8 26. Be6 Rfe8 27. f5 Ne5 28. Qf4 Qxf4 29. Bxf4 h4 30. Bxe5 fxe5 31. Ne2 Bh5 32. g4 hxg3 33. Nxg3 Bg6 34. Rbd1 Bh7 35. Ne2 Bg8 36. Bxg8 Kxg8 37. Kg2 Kf7 38. Ng3 Rd4 39. Rxd4 exd4 40. Rd1 Ba7 41. Kf3 c5 42. b3 Bb8 43. Nf1 Rh8 44. Kg4 g6 45. Rd3 1/2-1/2